MLB
SAN DIEGO PADRES @ SAN FRANCISCO GIANTS
03/01/2044
 
TOP OF THE 1ST
San Diego Padres batting - Pitching for San Francisco Giants : RHP Curt Howland
Pitching: RHP Curt Howland
Batting: LHB Per Meulengracht 0-0: Ball
1-0: TRIPLE (Flyball, 89XD, EV 99.4 MPH)
Batting: LHB Andy Bowman 0-0: Ball
1-0: Foul Ball, location: 2F
1-1: Foul Ball, location: 2F
1-2: Foul Ball, location: 2F
1-2: Ball
2-2: Strikes out swinging
Batting: RHB Cesar Breceda 0-0: SINGLE (Line Drive, 8RS, EV 95.0 MPH)
Per Meulengracht scores
Batting: RHB Chiel Palstermans 0-0: Ball
1-0: Foul Ball, location: 2F
1-1: Ball
2-1: Foul Ball, location: 2F
2-2: Foul Ball, location: 2F
2-2: Strikes out swinging
Cesar Breceda steals 2nd, throwing error, E2
Cesar Breceda to third
Batting: RHB Alois Wollf 0-0: Called Strike
0-1: Ball
1-1: Ball
2-1: Ground out 4-3 (Groundball, 4, EV 85.0 MPH)
Top of the 1st over - 1 run, 2 hits, 1 error, 1 left on base; San Diego 1 - San Francisco 0
BOTTOM OF THE 1ST
San Francisco Giants batting - Pitching for San Diego Padres : RHP Timóteo Metzener
Pitching: RHP Timóteo Metzener
Batting: RHB Jason May 0-0: Ball
1-0: Ball
2-0: Called Strike
2-1: Swinging Strike
2-2: Ball
3-2: Strikes out swinging
Batting: RHB Nick Rigden 0-0: Called Strike
0-1: Foul Ball, location: 2F
0-2: Ground out 5-3 (Groundball, 5S, EV 79.4 MPH)
Batting: LHB Jack Henningar 0-0: Foul Ball, location: 2F
0-1: Ball
1-1: Foul Ball, location: 2F
1-2: Ball
2-2: Foul Ball, location: 2F
2-2: Fly out, F8 (Flyball, 8LM, EV 78.8 MPH)
Bottom of the 1st over - 0 runs, 0 hits, 0 errors, 0 left on base; San Diego 1 - San Francisco 0
TOP OF THE 2ND
San Diego Padres batting - Pitching for San Francisco Giants : RHP Curt Howland
Batting: RHB Alberto Cotto 0-0: Ball
1-0: Called Strike
1-1: Swinging Strike
1-2: Strikes out swinging
Batting: LHB Conrad Taylor 0-0: Called Strike
0-1: Swinging Strike
0-2: Foul Ball, location: 2F
0-2: Ball
1-2: SINGLE (Groundball, 34D, EV 99.4 MPH)
Batting: SHB Devin Hottenstein 0-0: Called Strike
0-1: Ball
1-1: Ball
2-1: Foul Ball, location: 2F
2-2: Foul Ball, location: 2F
2-2: Grounds into double play, 4-6-3 (Groundball, 4, EV 108.1 MPH)
Top of the 2nd over - 0 runs, 1 hit, 0 errors, 0 left on base; San Diego 1 - San Francisco 0
BOTTOM OF THE 2ND
San Francisco Giants batting - Pitching for San Diego Padres : RHP Timóteo Metzener
Batting: LHB Willis Robles 0-0: Called Strike
0-1: Ball
1-1: Foul Ball, location: 2F
1-2: Ball
2-2: Ball
3-2: Strikes out looking
Batting: RHB Jim Zucco 0-0: Called Strike
0-1: Ball
1-1: Foul Ball, location: 2F
1-2: Ball
2-2: Ball
3-2: Base on Balls
Batting: RHB Ray Llewellyn 0-0: Ball
1-0: Grounds into double play, 6-4-3 (Groundball, 6S, EV 88.8 MPH)
Bottom of the 2nd over - 0 runs, 0 hits, 0 errors, 0 left on base; San Diego 1 - San Francisco 0
TOP OF THE 3RD
San Diego Padres batting - Pitching for San Francisco Giants : RHP Curt Howland
Batting: LHB Ryan Flynn Jr. 0-0: Called Strike
0-1: Ball
1-1: Swinging Strike
1-2: Strikes out swinging
Batting: LHB Per Meulengracht 0-0: Called Strike
0-1: Called Strike
0-2: Ball
1-2: Fly out, F9 (Line Drive, 9S, EV 105.6 MPH)
Batting: LHB Andy Bowman 0-0: Ball
1-0: Ball
2-0: Called Strike
2-1: Called Strike
2-2: Foul Ball, location: 2F
2-2: Foul Ball, location: 2F
2-2: Foul Ball, location: 2F
2-2: Ball
3-2: Strikes out looking
Top of the 3rd over - 0 runs, 0 hits, 0 errors, 0 left on base; San Diego 1 - San Francisco 0
BOTTOM OF THE 3RD
San Francisco Giants batting - Pitching for San Diego Padres : RHP Timóteo Metzener
Batting: RHB Quintin Parker 0-0: Swinging Strike
0-1: Hit by Pitch
Batting: RHB Nate Hodson 0-0: Ball
1-0: Called Strike
1-1: Called Strike
1-2: Ball
2-2: Grounds into double play, 6-4-3 (Groundball, 6, EV 105.6 MPH)
Batting: RHB Xavier Castellanos 0-0: Ball
1-0: Called Strike
1-1: Ball
2-1: Ground out U3 (Groundball, 3, EV 106.3 MPH)
Bottom of the 3rd over - 0 runs, 0 hits, 0 errors, 0 left on base; San Diego 1 - San Francisco 0
TOP OF THE 4TH
San Diego Padres batting - Pitching for San Francisco Giants : RHP Curt Howland
Batting: RHB Cesar Breceda 0-0: Ball
1-0: Fly out, F4 (Popup, 34S, EV 81.9 MPH)
Batting: RHB Chiel Palstermans 0-0: Ball
1-0: Ball
2-0: Foul Ball, location: 2F
2-1: Ball
3-1: Base on Balls
Batting: RHB Alois Wollf 0-0: Foul Ball, location: 2F
0-1: Called Strike
0-2: Fielders Choice at 2nd, 6-4 (Groundball, 6D, EV 101.9 MPH)
Batting: RHB Alberto Cotto 0-0: Called Strike
Alois Wollf steals 2nd base
0-1: Ball
Wild Pitch!
Alois Wollf to third
1-1: Foul Ball, location: 2F
1-2: Ball
2-2: Ball
3-2: Foul Ball, location: 2F
3-2: 2-RUN HOME RUN (Flyball, 89XD, EV 115.6 MPH), Distance : 433 ft
Batting: LHB Conrad Taylor 0-0: Ball
1-0: Ball
2-0: Called Strike
2-1: Foul Ball, location: 2F
2-2: Ball
3-2: Ground out 6-3 (Groundball, 6, EV 83.8 MPH)
Top of the 4th over - 2 runs, 1 hit, 0 errors, 0 left on base; San Diego 3 - San Francisco 0
BOTTOM OF THE 4TH
San Francisco Giants batting - Pitching for San Diego Padres : RHP Timóteo Metzener
Batting: RHB Jason May 0-0: Ball
1-0: Called Strike
1-1: Foul Ball, location: 2F
1-2: Ball
2-2: Fly out, F8 (Flyball, 8RM, EV 92.5 MPH)
Batting: RHB Nick Rigden 0-0: Called Strike
0-1: Ball
1-1: Fly out, F6 (Popup, 6, EV 56.9 MPH)
Batting: LHB Jack Henningar 0-0: Ball
1-0: Ball
2-0: Ball
3-0: Base on Balls
Batting: LHB Willis Robles 0-0: Called Strike
0-1: SINGLE (Groundball, 56S, EV 66.3 MPH) (infield hit)
Jack Henningar to second
Batting: RHB Jim Zucco 0-0: Called Strike
0-1: Ball
1-1: 3-RUN HOME RUN (Flyball, 78XD, EV 108.8 MPH), Distance : 436 ft
Batting: RHB Ray Llewellyn 0-0: Swinging Strike
0-1: Foul Ball, location: 2F
0-2: Fly out, F7 (Flyball, 7LM, EV 91.3 MPH)
Bottom of the 4th over - 3 runs, 2 hits, 0 errors, 0 left on base; San Diego 3 - San Francisco 3
TOP OF THE 5TH
San Diego Padres batting - Pitching for San Francisco Giants : RHP Curt Howland
Pitching: RHP Tyler Smith
Batting: SHB Devin Hottenstein 0-0: Called Strike
0-1: Swinging Strike
0-2: Ball
1-2: Ball
2-2: Fly out, F8 (Flyball, 8RXD, EV 107.5 MPH)
Batting: LHB Ryan Flynn Jr. 0-0: SINGLE (Groundball, 34D, EV 98.1 MPH)
Batting: LHB Per Meulengracht 0-0: Called Strike
Ryan Flynn Jr. steals 2nd base
0-1: DOUBLE (Line Drive, 89D, EV 97.5 MPH)
Ryan Flynn Jr. scores
Batting: LHB Andy Bowman 0-0: Called Strike
0-1: Ball
1-1: Ball
2-1: Foul Ball, location: 2F
2-2: Ground out 2-3 (Groundball, 2L, EV 67.5 MPH)
Per Meulengracht to third
Batting: RHB Cesar Breceda 0-0: SINGLE (Groundball, 5S, EV 70.6 MPH) (infield hit)
Per Meulengracht scores
Batting: RHB Chiel Palstermans 0-0: Called Strike
Cesar Breceda is caught stealing 2nd base 2-4
Top of the 5th over - 2 runs, 3 hits, 0 errors, 0 left on base; San Diego 5 - San Francisco 3
BOTTOM OF THE 5TH
San Francisco Giants batting - Pitching for San Diego Padres : RHP Timóteo Metzener
Pitching: LHP Taylor Sightler
Batting: RHB Quintin Parker 0-0: Foul Ball, location: 2F
0-1: Ball
1-1: Fly out, F5 (Popup, 56S, EV 85.6 MPH)
Batting: RHB Nate Hodson 0-0: Called Strike
0-1: Ball
1-1: Ball
2-1: Foul Ball, location: 2F
2-2: Ball
3-2: SINGLE (Flyball, 5D, EV 97.5 MPH)
Batting: RHB Xavier Castellanos 0-0: Ball
1-0: DOUBLE (Line Drive, 7LS, EV 110.6 MPH)
Nate Hodson to third
Runner from 3rd tries for Home, SAFE, no throw by LF
Batting: RHB Jason May 0-0: Ball
1-0: Ball
2-0: Ball
3-0: Base on Balls
Batting: RHB Nick Rigden 0-0: Swinging Strike
0-1: Ball
1-1: Ball
2-1: 3-RUN HOME RUN (Flyball, 7D, EV 100.6 MPH), Distance : 419 ft
Pitching: RHP Jack Overbeek
Batting: LHB Jack Henningar 0-0: Ball
1-0: Ball
2-0: Called Strike
2-1: Foul Ball, location: 2F
2-2: Foul Ball, location: 2F
2-2: SINGLE (Line Drive, 6D, EV 95.6 MPH)
Batting: LHB Willis Robles 0-0: Ball
1-0: Swinging Strike
1-1: Foul Ball, location: 2F
1-2: Ball
2-2: Strikes out swinging
Batting: RHB Jim Zucco 0-0: Called Strike
0-1: Swinging Strike
0-2: Ball
Jack Henningar is caught stealing 2nd base 2-4
Bottom of the 5th over - 4 runs, 4 hits, 0 errors, 0 left on base; San Diego 5 - San Francisco 7
TOP OF THE 6TH
San Diego Padres batting - Pitching for San Francisco Giants : RHP Tyler Smith
Batting: RHB Chiel Palstermans 0-0: Called Strike
0-1: Ball
1-1: Ball
2-1: Fly out, F9 (Flyball, 89S, EV 83.8 MPH)
Batting: RHB Alois Wollf 0-0: Ground out 6-3 (Groundball, 6, EV 82.5 MPH)
Pinch Hitting: LHB Aaron LeBlanc 0-0: Ball
1-0: Ball
2-0: DOUBLE (Line Drive, 9LM, EV 103.1 MPH)
Batting: LHB Conrad Taylor 0-0: Called Strike
0-1: Ball
1-1: Ball
2-1: Ground out 4-3 (Groundball, 4, EV 83.8 MPH)
Top of the 6th over - 0 runs, 1 hit, 0 errors, 1 left on base; San Diego 5 - San Francisco 7
BOTTOM OF THE 6TH
San Francisco Giants batting - Pitching for San Diego Padres : RHP Jack Overbeek
Now at 3B: Jose Morrissey
Batting: RHB Jim Zucco 0-0: Ball
1-0: Swinging Strike
1-1: Swinging Strike
1-2: Ground out 5-3 (Groundball, 56, EV 103.8 MPH)
Batting: RHB Ray Llewellyn 0-0: Called Strike
0-1: Called Strike
0-2: Ground out 6-3 (Groundball, 6, EV 101.3 MPH)
Batting: RHB Quintin Parker 0-0: Called Strike
0-1: Foul Ball, location: 2F
0-2: Ground out 5-3 (Groundball, 56S, EV 73.8 MPH)
Bottom of the 6th over - 0 runs, 0 hits, 0 errors, 0 left on base; San Diego 5 - San Francisco 7
TOP OF THE 7TH
San Diego Padres batting - Pitching for San Francisco Giants : RHP Tyler Smith
Batting: SHB Devin Hottenstein 0-0: Ball
1-0: Ball
2-0: Foul Ball, location: 2F
2-1: Ball
3-1: SINGLE (Groundball, P, EV 86.9 MPH) (infield hit)
Batting: LHB Ryan Flynn Jr. 0-0: Fielders Choice at 2nd, 3-6 (Groundball, 34, EV 80.6 MPH)
Pinch Hitting: RHB Carlos Reyes 0-0: Called Strike
Ryan Flynn Jr. steals 2nd, throwing error, E2
Ryan Flynn Jr. to third
0-1: Ball
1-1: Ball
2-1: Foul Ball, location: 2F
2-2: Ball
3-2: Ground out U3 (Groundball, 34, EV 91.9 MPH)
Ryan Flynn Jr. scores
Pitching: RHP Nate Heideman
Pinch Hitting: LHB Chris Moody 0-0: Ball
1-0: Ground out 4-3 (Groundball, 4, EV 102.5 MPH)
Top of the 7th over - 1 run, 1 hit, 1 error, 0 left on base; San Diego 6 - San Francisco 7
BOTTOM OF THE 7TH
San Francisco Giants batting - Pitching for San Diego Padres : RHP Jack Overbeek
Pitching: LHP Ricardo Chavez
Now in LF: Carlos Reyes
Now in RF: Chris Moody
Batting: RHB Nate Hodson 0-0: Ball
1-0: Ground out 6-3 (Groundball, 6S, EV 91.3 MPH)
Batting: RHB Xavier Castellanos 0-0: Ball
1-0: Called Strike
1-1: Called Strike
1-2: Strikes out swinging
Pinch Hitting: SHB Ken Welch 0-0: Ball
1-0: Ball
2-0: Called Strike
2-1: Ball
3-1: Foul Ball, location: 2F
3-2: DOUBLE (Line Drive, 8LXD, EV 101.3 MPH)
Pinch Hitting: RHB Martin Guerrero 0-0: Ball
Wild Pitch!
Ken Welch to third
1-0: Foul Ball, location: 2F
1-1: Ball
2-1: Foul Ball, location: 2F
2-2: Strikes out swinging
Bottom of the 7th over - 0 runs, 1 hit, 0 errors, 1 left on base; San Diego 6 - San Francisco 7
TOP OF THE 8TH
San Diego Padres batting - Pitching for San Francisco Giants : RHP Nate Heideman
Now at 1B: Jason Spradling
Now in CF: Martin Guerrero
Batting: RHB Cesar Breceda 0-0: Fly out, F9 (Flyball, 89M, EV 94.4 MPH)
Pinch Hitting: SHB Jerry Luckwell 0-0: Called Strike
0-1: Ball
1-1: Ball
2-1: Foul Ball, location: 2F
2-2: Strikes out swinging
Pinch Hitting: RHB Bobby Ayala 0-0: Called Strike
0-1: Ball
1-1: Ground out 6-3 (Groundball, 56, EV 100.6 MPH)
Top of the 8th over - 0 runs, 0 hits, 0 errors, 0 left on base; San Diego 6 - San Francisco 7
BOTTOM OF THE 8TH
San Francisco Giants batting - Pitching for San Diego Padres : LHP Ricardo Chavez
Now at 2B: Jerry Luckwell
Now at SS: Bobby Ayala
Batting: RHB Sean Zielinski 0-0: Called Strike
0-1: Ball
1-1: Foul Ball, location: 2F
1-2: Ball
2-2: Strikes out swinging
Pinch Hitting: RHB Hugo Zacarias 0-0: Ball
1-0: Called Strike
1-1: Foul Ball, location: 2F
1-2: Foul Ball, location: 2F
1-2: Strikes out swinging
Pinch Hitting: RHB Henri Cederberg 0-0: Ball
1-0: Called Strike
1-1: Foul Ball, location: 2F
1-2: Strikes out swinging
Bottom of the 8th over - 0 runs, 0 hits, 0 errors, 0 left on base; San Diego 6 - San Francisco 7
TOP OF THE 9TH
San Diego Padres batting - Pitching for San Francisco Giants : RHP Nate Heideman
Pitching: RHP Andrew Kindig
Now at SS: Henri Cederberg
Now in LF: Hugo Zacarias
Batting: RHB Jose Morrissey 0-0: Called Strike
0-1: SOLO HOME RUN (Flyball, 7D, EV 106.9 MPH), Distance : 421 ft
Batting: LHB Mike Holt 0-0: Called Strike
0-1: Fly out, F8 (Flyball, 8RXD, EV 101.3 MPH)
Pinch Hitting: LHB Joseph Martin 0-0: Called Strike
0-1: Ball
1-1: Ball
2-1: Called Strike
2-2: Strikes out swinging
Pinch Hitting: RHB Matthew Starr 0-0: Ball
1-0: Called Strike
1-1: Ball
2-1: Foul Ball, location: 2F
2-2: Ground out 5-3 (Groundball, 56S, EV 85.6 MPH)
Top of the 9th over - 1 run, 1 hit, 0 errors, 0 left on base; San Diego 7 - San Francisco 7
BOTTOM OF THE 9TH
San Francisco Giants batting - Pitching for San Diego Padres : LHP Ricardo Chavez
Now at 1B: Joseph Martin
Now in CF: Chris Moody
Now in RF: Matthew Starr
Pinch Hitting: RHB Tade Post 0-0: Ground out 4-3 (Groundball, 4, EV 101.9 MPH)
Pinch Hitting: RHB Tyler Mapes 0-0: Called Strike
0-1: Called Strike
0-2: Foul Ball, location: 2F
0-2: SINGLE (Groundball, 4D, EV 98.8 MPH)
Pinch Hitting: RHB Jason Gress 0-0: Ball
1-0: Ball
2-0: 2-RUN HOME RUN (Flyball, 8LXD, EV 113.1 MPH), Distance : 439 ft
Bottom of the 9th over - 2 runs, 2 hits, 0 errors, 0 left on base; San Diego 7 - San Francisco 9
Game Over ... San Francisco defeats San Diego, 9 to 7
Thursday, March 31st , 2022 - OOTP Baseball 22.12 Build 89